 Seeded DCSS version 0.30-a0-743-gbfdf073431 (webtiles) character file.

Game seed: 18430768202825038846 (custom seed)

4519 timneilson the Blocker (level 10, -11/60 HPs)
             Began as a Gargoyle Fighter on Feb 7, 2023.
             Was a Priest of Okawaru.
             Mangled by a catoblepas (12 damage)
             ... on level 8 of the Dungeon.
             The game lasted 00:11:12 (5754 turns).

timneilson the Blocker (Gargoyle Fighter)           Turns: 5754, Time: 00:11:13

Health: -11/60     AC: 31    Str: 20    XL:     10   Next: 39%
Magic:  12/12      EV:  4    Int:  9    God:    Okawaru [***...]
Gold:   473        SH:  0    Dex: 13    Spells: 9/9 levels left

rFire   + . .      SeeInvis .    o - +11 plutonium sword {Contam Stlth-}
rCold   + . .      Faith    .    (shield currently unavailable)
rNeg    + . .      Spirit   .    m - +2 gold dragon scales
rPois   ∞          Reflect  .    h - +0 helmet
rElec   +          Harm     .    (no cloak)
rCorr   +          Rampage  .    (no gloves)
Will    .....                    (no boots) Stlth
                                 p - amulet of regeneration
HPRegen 1.10/turn                t - +4 ring of protection
MPRegen 0.13/turn                s - ring of resist corrosion

@: no status effects
A: sickness immunity, AC +7, negative energy resistance 1, electricity
resistance, torment resistance 1, petrification resistance
a: Renounce Religion, Heroism


You were on level 8 of the Dungeon.
You worshipped Okawaru.
Okawaru was most pleased with you.
You visited 2 branches of the dungeon, and saw 9 of its levels.
You also visited: Ossuary.

You collected 473 gold pieces.

Inventory:

Hand Weapons
 a - a +1 long sword of freezing
 o - the +11 plutonium sword (weapon) {Contam Stlth-}
   (You found it on level 2 of the Dungeon)

   Contam:    It causes magical contamination when unequipped.
   Stlth:     It makes you less stealthy.
Armour
 h - a +0 helmet (worn)
 m - +2 gold dragon scales (worn)
Jewellery
 i - a ring of fire
 p - an amulet of regeneration (around neck)
 s - a ring of resist corrosion (right hand)
 t - a +4 ring of protection (left hand)
Wands
 u - a wand of polymorph (11)
 A - a wand of acid (6)
Scrolls
 c - a scroll of enchant weapon
 g - 3 scrolls of immolation
 r - 4 scrolls of teleportation
 x - a scroll of poison
 y - a scroll of fear
 z - a scroll of identify
Potions
 b - a potion of brilliance {unknown}
 d - 4 potions of might
 e - 2 potions of heal wounds
 f - 2 potions of magic {unknown}
 j - 6 potions of curing
 k - 5 potions of lignification
 l - 3 potions of haste
 q - 3 potions of berserk rage
 v - 3 potions of resistance
 w - a potion of attraction {unknown}
 B - 4 potions of flight {unknown}
 C - a potion of mutation {unknown}


   Skills:
 + Level 6.3 Fighting
 * Level 6.6 Long Blades
 * Level 8.4 Armour
 + Level 3.9 Dodging
 * Level 8.4 Shields
 + Level 2.9 Invocations
 + Level 3.2 Evocations


You had 9 spell levels left.
You didn't know any spells.
Your spell library contained the following spells:

 Spells                   Type           Power      Damage    Failure   Level
 Freeze                   Ice            0%         1d3       100%        1
 Sting                    Tmut/Pois      0%         1d3       100%        1
 Poisonous Vapours        Pois/Air       0%         N/A       100%        2
 Frozen Ramparts          Ice            0%         1d1       100%        3
 Hailstorm                Conj/Ice       0%         3d3       100%        3
 Mephitic Cloud           Conj/Pois/Air  0%         N/A       100%        3
 Anguish                  Hex/Necr       0%         N/A       100%        4
 Olgreb's Toxic Radiance  Pois           0%         N/A       100%        4
 Petrify                  Tmut/Erth      0%         N/A       100%        4
 Irradiate                Conj/Tmut      0%         3d11      100%        5
 Enfeeble                 Hex            0%         N/A       100%        7
 Cigotuvi's Dreadful Rot  Necr/Pois/Air  Unusable   N/A       N/A         2
 Sublimation of Blood     Necr           Unusable   N/A       N/A         2

Dungeon Overview and Level Annotations

Branches:
Dungeon (8/15)             Temple (1/1) D:6            Lair (0/5) D:8
Ossuary (visited)

Altars:
Ashenzari
Cheibriados
Dithmenos
Elyvilon
Hepliaklqana
Makhleb
Nemelex Xobeh
Okawaru
Qazlal
Ru
Sif Muna
Trog
Uskayaw
Vehumet
Wu Jian
Xom
Yredelemnul
Zin
The Shining One

Shops:
D:8 [

Annotations:
D:1 1 runed translucent door


Innate Abilities, Weirdness & Mutations

You are immune to sickness and miasma.
Your stone body is resilient. (AC +7)
You are immune to poison.
You resist negative energy. (rN+)
You are resistant to electric shocks. (rElec)
You are resistant to unholy torment.
You are immune to petrification.


Message History

Aiming: Corrosive Bolt
Press: ? - help, Shift-Dir - straight line, f - kobold demonologist
Aim: a kobold demonologist, wielding a +2 dagger of draining and wearing a +0 robe (almost dead, misshapen and mutated, 64% to hit)
The bolt of acid misses the sun demon.
The bolt of acid hits the kobold demonologist!
The acid corrodes the kobold demonologist!
You kill the kobold demonologist!
Okawaru accepts your kill.
The red devil disappears in a puff of smoke!
The sun demon disappears in a puff of smoke!
The ynoxinul disappears in a puff of smoke!
The ufetubus disappears in a puff of smoke!
You hear a bellow!
The barbs in your skin will harm you if you move.
Continue? [Y]es or [N]o only, please.
The barbs in your skin will harm you if you move.
Continue?
Okay, then.
A yak comes into view.
You slice the yak!!
Mutagenic energy flows through the plutonium sword!
The yak's body glows momentarily.
The yak twists and deforms.
The yak is severely wounded.
A catoblepas comes into view.
The yak gores you but does no damage.
You slice the yak!!
You kill the yak!
Okawaru accepts your kill.
Okawaru will now gift you throwing weapons as you gain piety.
The catoblepas gores you but does no damage.
You slice the catoblepas!!
The catoblepas is moderately wounded.
You carefully extract the barbed spikes from your body.
The catoblepas gores you but does no damage.
You slice the catoblepas!!
The catoblepas is severely wounded.
The catoblepas gores you!!
* * * LOW HITPOINT WARNING * * *
The catoblepas breathes in.
The catoblepas gores you!
You die...

#.........# ♣.♣
#..♣∩♣....# ♣.♣
###......## ###♣.♣
##♣....# +#....♣
#....## ##)#.#♣.♣
#....####CK#.#♣.♣
##.....##§.#.#♣.♣
#.....##'##.#♣)♣
###...#.)Y@.#♣.♣♣♣♣♣♣♣
#.###.♣♣♣.#♣.......♣
#.###.5 ..#♣♣♣♣♣♣♣.♣
#.#.########## #♣.♣
#.#.# ♣.♣ ♣≈♣ ♣♣~.♣♣
#...#♣.♣.♣♣♣≈♣♣♣~≈~~♣
##...)♣♣♣...~P♣♣♣~.♣~P♣
##.#♣.♣.♣♣♣P~♣♣♣.~♣P~♣
#.#♣♣.♣♣ ♣♣♣~~~~.♣ ♣~♣


You could see a catoblepas.

Vanquished Creatures
  2 cyclopes (D:8)
  Maggie (D:7)
  A kobold demonologist (D:8)
  Grinder (D:3)
  Sigmund (D:2)
  4 yaks
  An ice beast (D:7)
  An orc warrior (D:8)
  5 ogres
  A phantom (D:4)
  A centaur (D:8)
  A bullfrog (D:8)
  2 scorpions (D:5)
  A gnoll sergeant (D:6)
  A wight (D:8)
  2 water moccasin zombies (Ossuary)
  2 electric eels (D:8)
  7 hounds
  3 orc priests
  4 jellies
  Jessica (D:2)
  Natasha (thrice) (D:2)
  2 iguanas (D:5)
  6 orc wizards
  2 mummies (Ossuary)
  Robin (D:2)
  6 adders
  3 white imps
  4 ufetubi
  5 adder zombies (Ossuary)
  5 worms
  A dart slug (D:1)
  30 orcs
  10 ball pythons
  12 endoplasms
  2 giant cockroaches
  3 gnoll zombies (Ossuary)
  16 goblins
  12 hobgoblins
  2 jackals (D:4)
  10 kobolds
  4 quokkas
  7 bats
  3 frilled lizards
  8 hobgoblin zombies (Ossuary)
  7 kobold zombies (Ossuary)
  5 orc zombies (Ossuary)
  5 rats
217 creatures vanquished.

Vanquished Creatures (others)
  3 plants (D:8)
3 creatures vanquished.

Grand Total: 220 creatures vanquished

Notes
Turn   | Place    | Note
-------+----------+-------------------------------------------
     0 | D:1      | timneilson the Gargoyle Fighter began the quest for the
                  | Orb.
     0 | D:1      | Reached XP level 1. HP: 14/14 MP: 1/1
     0 | D:1      | Noticed a jelly
     1 | D:1      | Found a runed translucent door.
   145 | D:1      | Reached XP level 2. HP: 19/19 MP: 2/2
   610 | D:1      | Reached XP level 3. HP: 22/23 MP: 3/3
   667 | D:2      | Noticed Jessica
   689 | D:2      | Killed Jessica
   690 | D:2      | Reached XP level 4. HP: 5/28 MP: 4/4
   806 | D:2      | Noticed Sigmund
   806 | D:2      | Found the +11 plutonium sword {Contam Stlth-}
   814 | D:2      | Killed Sigmund
   815 | D:2      | Reached skill level 1 in Dodging
   815 | D:2      | Reached XP level 5. HP: 23/33 MP: 5/5
   815 | D:2      | Reached XP level 6. HP: 27/38 MP: 6/6
   939 | D:2      | Noticed Robin
   959 | D:2      | Killed Robin
  1067 | D:2      | Noticed Natasha
  1083 | D:2      | Killed Natasha
  1119 | D:2      | Noticed Natasha
  1131 | D:2      | Killed Natasha
  1170 | D:2      | Found a bloodstained altar of Trog.
  1238 | D:2      | Noticed Natasha
  1242 | D:2      | Killed Natasha
  1363 | D:3      | Noticed Grinder
  1364 | D:3      | Paralysed by Grinder for 5 turns
  1381 | D:3      | Paralysed by Grinder for 4 turns
  1385 | D:3      | Killed Grinder
  1386 | D:3      | Reached skill level 5 in Armour
  1386 | D:3      | Reached skill level 5 in Shields
  1386 | D:3      | Reached XP level 7. HP: 27/43 MP: 7/7
  1462 | D:3      | Found a faded altar of an unknown god.
  2048 | D:3      | Found a broken altar of Ashenzari.
  2123 | D:4      | Found a hide-covered altar of Uskayaw.
  2653 | D:5      | Entered Level 5 of the Dungeon
  2816 | D:5      | Reached XP level 8. HP: 48/48 MP: 8/8
  3103 | D:5      | Reached skill level 1 in Evocations
  3566 | D:5      | Reached skill level 5 in Fighting
  3815 | D:6      | Found a staircase to the Ecumenical Temple.
  3815 | D:6      | Noticed a yak
  3815 | D:6      | Noticed a yak
  3815 | D:6      | Noticed a yak
  3820 | D:6      | Killed a yak
  3821 | D:6      | Reached skill level 5 in Long Blades
  3831 | D:6      | Killed a yak
  3832 | D:6      | Reached XP level 9. HP: 24/54 MP: 9/9
  3891 | Temple   | Entered the Ecumenical Temple
  4030 | Temple   | Became a worshipper of Warmaster Okawaru
  4498 | D:6      | Reached skill level 1 in Invocations
  4940 | D:7      | Found a sand-covered staircase.
  4978 | Ossuary  | Entered an ossuary
  5038 | Ossuary  | Reached * piety under Okawaru
  5227 | D:7      | Found an ornate altar of the Wu Jian Council.
  5298 | D:7      | Found a burning altar of Makhleb.
  5299 | D:7      | Noticed Maggie
  5306 | D:7      | Killed Maggie
  5585 | D:8      | Found a staircase to the Lair.
  5630 | D:8      | Found Jucaej's Antique Armour Shop.
  5674 | D:8      | Reached XP level 10. HP: 60/60 MP: 11/11
  5704 | D:8      | Noticed a cyclops
  5704 | D:8      | Noticed a kobold demonologist
  5704 | D:8      | Noticed a cyclops
  5716 | D:8      | Killed a cyclops
  5716 | D:8      | Reached ** piety under Okawaru
  5719 | D:8      | Noticed a sixfirhy
  5720 | D:8      | Killed a cyclops
  5738 | D:8      | Noticed a sun demon
  5747 | D:8      | Killed a kobold demonologist
  5751 | D:8      | Noticed a catoblepas
  5752 | D:8      | Reached *** piety under Okawaru
  5754 | D:8      | HP: 1/60 [catoblepas (21)]
  5754 | D:8      | Mangled by a catoblepas

Illustrated notes

Levels and vault maps discovered:
D:1:      dpeg_arrival_caged_fury, layout_basic
D:2:      layout_rooms, basic_altar, minmay_split_cup_small, uniq_natasha,
          uniq_jessica, uniq_robin, uniq_sigmund
D:3:      wander_river, layout_basic, nicolae_overflow_ecumenical_swirl,
          minmay_joined_circles, uniq_grinder
D:4:      layout_cave_pools, amcnicky_altar_gilded
D:5:      layout_loops_corners, serial_co_window_serial, co_window_corner_a,
          co_window_corner_a, co_window_corner_a, co_window_paths_a,
          co_window_of_opportunity_a, co_window_unsneaky_path_e,
          co_window_corner_cb, co_window_unsneaky_path_c, glass_columns_b,
          minmay_misc_feat_tower, chequers_decorated_corner
D:6:      layout_basic, temple_doors_e, minmay_quadrilaterals
D:7:      layout_cave_pools, mainiacjoe_overflow_24_doors, lemuel_round_altar,
          enter_ossuary_1, uniq_maggie
D:8:      nzn_winding_woodlands_large [nzn_winding_woodlands_5x5_closed_star,
          nzn_winding_woodlands_5x15_lazy_stream,
          nzn_winding_woodlands_5x5_open_star,
          nzn_winding_woodlands_center_lodge,
          nzn_winding_woodlands_15x15_boxy_spiral,
          nzn_winding_woodlands_center_triple_pond,
          nzn_winding_woodlands_5x5_perimeter,
          nzn_winding_woodlands_5x15_pathside_ponds,
          nzn_winding_woodlands_hourglass], layout_cave_pools,
          erik_lair_orcish_takeover, serial_shops, nicolae_shop_trees,
          uniq_erica
Temple:   nicolae_temple_superstar

Skill      XL: |  1  2  3  4  5  6  7  8  9 10 |
---------------+-------------------------------+-----
Long Blades    | 2 3 4 5 6 |  6.6
Armour         | 4 5 6 7 8 |  8.4
Dodging        | 1 2 3 |  3.9
Shields        | 4 5 6 7 8 |  8.4
Fighting       | 4 5 6 |  6.3
Evocations     | 1 2 3 |  3.2
Invocations    | 2 |  2.9

Action                     |  1- 3 |  4- 6 |  7- 9 | 10-12 || total
---------------------------+-------+-------+-------+-------++-------
  Melee: Long sword        |    95 |    87 |       |       ||   182
         Triple sword      |       |    22 |   357 |    42 ||   421
  Evoke: Wand              |       |       |       |     1 ||     1
    Use: Scroll            |     5 |       |    15 |       ||    20
         Potion            |       |     1 |       |     2 ||     3
 Armour: Scale mail        |    14 |       |       |       ||    14
         Gold dragon scale |    78 |    87 |   519 |    61 ||   745
  Dodge: Dodged            |    17 |    11 |    87 |     9 ||   124
  Block: Buckler           |    19 |    26 |       |       ||    45

Table legend: (Time is in decaauts)
 A = Elapsed time spent in this place.
 B = Non-inter-level travel time spent in this place.
 C = Inter-level travel time spent in this place.
 D = Time resting spent in this place.
 E = Time spent auto-exploring this place.
 F = Levels seen in this place.
 G = Mean time per level.
                   A        B        C        D        E       F      G
               +--------+--------+--------+--------+--------+-----+--------+
         Total |   6099 |   5902 |    197 |      9 |   4070 |  10 |  609.9 |
       Dungeon |   5749 |   5589 |    160 |      9 |   3891 |   8 |  718.6 |
        Temple |    152 |    115 |     37 |      0 |    100 |   1 |  152.0 |
       Ossuary |    197 |    197 |      0 |      0 |     79 |   1 |  197.0 |
               +--------+--------+--------+--------+--------+-----+--------+

Top non-repeatable levels by time:
     D:5: 1166 daAuts
     D:6: 884 daAuts
     D:3: 812 daAuts
     D:2: 734 daAuts
     D:1: 678 daAuts
     D:7: 636 daAuts
     D:4: 616 daAuts
     D:8: 220 daAuts
 Ossuary: 197 daAuts
  Temple: 152 daAuts
